 Dungeon Crawl Stone Soup version 0.18.1-6-gd335043 (webtiles) character file.

27 stauk the Caller (level 3, 0/19 HPs)
             Began as a Kobold Summoner on May 18, 2016.
             Slain by a jackal (2 damage)
             ... on level 2 of the Dungeon.
             The game lasted 00:13:29 (1870 turns).

stauk the Caller (Kobold Summoner)                  Turns: 1870, Time: 00:13:30

Health: 0/19       AC:  2    Str:  6    XL:     3   Next: 25%
Magic:  1/7        EV: 15    Int: 14    God:
Gold:   71         SH:  0    Dex: 16    Spells: 2 memorised, 5 levels left

rFire  . . .     SeeInvis .     h - +0 dagger
rCold  . . .     Gourm    .     a - +0 robe
rNeg   + . .     Faith    .     (shield restricted)
rPois  .         Spirit   .     (no helmet)
rElec  .         Dismiss  .     (no cloak)
rCorr  .         Reflect  .     (no gloves)
SustAt .         Harm     .     (no boots)
MR     .....                    (no amulet)
Stlth  ++........               (no ring)
                                g - ring of positive energy

@: very slightly contaminated, not resistant to hostile enchantments, unstealthy
A: carnivore 3
a: no special abilities


You were on level 2 of the Dungeon.
You were not hungry.

You visited 1 branch of the dungeon, and saw 2 of its levels.

You collected 71 gold pieces.

Inventory:

Hand Weapons
 h - a +0 dagger (weapon)
 n - a +0 hunting sling
Missiles
 k - 29 arrows
 l - 18 bolts
 r - 14 poisoned needles
 s - 3 javelins
Armour
 a - a +0 robe (worn)
 q - a +0 pair of boots
Jewellery
 g - a ring of positive energy (left hand)
Scrolls
 e - 2 scrolls of identify {unknown}
 j - a scroll of blinking {unknown}
 m - 2 scrolls of enchant weapon {unknown}
 o - 2 scrolls of remove curse {unknown}
Potions
 d - a potion of might {unknown}
 f - a potion of ambrosia {unknown}
 i - a potion of magic {unknown}
Books
 b - a book of Callings

   Spells                             Type                      Level
   a - Summon Small Mammal            Summoning                    1
   b - Call Imp                       Summoning                    2
   c - Call Canine Familiar           Summoning                    3
   d - Summon Guardian Golem          Hexes/Summoning              3
   e - Summon Lightning Spire         Summoning/Air                4
   f - Summon Ice Beast               Ice/Summoning                4
Comestibles
 c - a meat ration
 p - 2 bread rations


   Skills:
 - Level 2.4 Dodging
 - Level 2.6 Stealth
 + Level 3.2 Spellcasting
 - Level 4.0 Summonings


You had 5 spell levels left.
You knew the following spells:

 Your Spells              Type           Power        Failure   Level  Hunger
a - Summon Small Mammal   Summ           ##..         4%          1    #......
b - Call Imp              Summ           ##......     10%         2    ##.....


Dungeon Overview and Level Annotations

Branches:
Dungeon (2/15)

Altars:

Annotations:
D:2 Terence


Innate Abilities, Weirdness & Mutations

You are small and have problems with some larger weapons.
You are carnivorous and can eat meat at any time.


Message History

The jackal bites you but does no damage.
The jackal closely misses you.
Your white imp gestures at Terence.
The puff of frost hits Terence.
The jackal bites you.
* * * LOW HITPOINT WARNING * * *
Your white imp hits Terence but does no damage.
The jackal barely misses you.
Terence hits your white imp but does no damage.
Your white imp hits Terence.
Your white imp freezes Terence.
Casting: Call Imp
Confirm with . or Enter, or press ? or * to list all spells.
You miscast Call Imp.
Shadowy shapes form in the air around you, then vanish.
The jackal bites you.
* * * LOW HITPOINT WARNING * * *
Your white imp closely misses Terence.
Terence hits your white imp with a mace.
You hit the jackal but do no damage. The jackal bites you.
You die...

'...........#.#...#
#.......<#..# ....+ ..#
#........#..###...# ...#
#####'#.......#...##...##
#........).<..รท........
#....................###
#......................
#.....###............#
##....###.....@......#
#......#.....h......#
##+#....#.......@5.###
#.........##.......#
##.........##......##
#..................#
#.............###....#
#.....................
#.....................#


You could see Terence, a jackal and a friendly white imp.

Vanquished Creatures
  A dart slug (D:1)
  3 goblins
  A jackal (D:1)
  3 kobolds (D:1)
  2 bats (D:1)
  2 rats
12 creatures vanquished.

Vanquished Creatures (collateral kills)
  An ooze (D:1)
  A dart slug (D:1)
  3 bats (D:1)
  2 giant cockroaches (D:1)
  A goblin (D:1)
  2 hobgoblins (D:1)
  A ball python (D:2)
  A giant newt (D:1)
  A kobold (D:2)
13 creatures vanquished.

Grand Total: 25 creatures vanquished

Notes
Turn   | Place    | Note
--------------------------------------------------------------
     0 | D:1      | stauk the Kobold Summoner began the quest for the Orb.
     0 | D:1      | Reached XP level 1. HP: 10/10 MP: 3/3
   627 | D:1      | Reached XP level 2. HP: 14/15 MP: 1/5
   764 | D:1      | Learned a level 2 spell: Call Imp
  1499 | D:1      | Reached XP level 3. HP: 19/19 MP: 7/7
  1697 | D:2      | Found a faded altar to an unknown god.
  1787 | D:2      | Noticed Terence
  1870 | D:2      | Slain by a jackal

Skill      XL: |  1  2 |
---------------+-------+-----
Spellcasting   | 3 |  3.2
Dodging        | |  2.4
Stealth        | |  2.6
Summonings     | |  4.0

Action                   || total
-------------------------++-------
Melee: Unarmed           ||    23
       Dagger            ||    74
 Cast: Summon Small Mamm ||    12
       Call Imp          ||    14
 Stab: Distracted        ||     1
       Sleeping          ||     1
  Eat: Chunk             ||     8
Armor: Robe              ||    20
Dodge: Dodged            ||    91
